 Dungeon Crawl Stone Soup version 0.30-a0-341-g682706514a (webtiles) character file.

Game seed: 8355939005457388504

1477 LnG the Covert (level 9, -3/48 HPs)
             Began as a Kobold Summoner on Nov 2, 2022.
             Was an Initiate of Dithmenos.
             Slain by a killer bee (8 damage)
             ... on level 7 of the Dungeon.
             The game lasted 00:18:37 (7623 turns).

LnG the Covert (Kobold Summoner)                    Turns: 7623, Time: 00:18:38

Health: -3/48      AC:  5    Str:  5    XL:     9   Next: 6%
Magic:  18/24      EV: 18    Int: 21    God:    Dithmenos [......]
Gold:   288        SH:  0    Dex: 21    Spells: 4/17 levels left

rFire   . . .      SeeInvis .    t - +4 dagger (flame)
rCold   . . .      Faith    .    (no shield)
rNeg    . . .      Spirit   .    a - +0 robe
rPois   .          Reflect  .    (no helmet)
rElec   .          Harm     .    A - +2 cloak
rCorr   .          Rampage  .    (no gloves)
Will    .....                    (no boots)
Stlth   ++++++....               (no amulet)
HPRegen 0.28/turn                H - ring of magical power
MPRegen 0.19/turn                l - +6 ring of dexterity

@: lethally poisoned (-3 -> -6)
A: small, no large weapons, nightstalker 3
a: Renounce Religion


You were on level 7 of the Dungeon.
You worshipped Dithmenos.
Dithmenos was noncommittal.
You visited 2 branches of the dungeon, and saw 8 of its levels.

You collected 288 gold pieces.

Inventory:

Hand Weapons
 g - a +0 short sword of venom
 t - a +4 dagger of flaming (weapon)
Armour
 a - a +0 robe (worn)
 A - a +2 cloak (worn)
Jewellery
 i - a ring of protection from cold
 l - a +6 ring of dexterity (right hand)
 B - a ring of resist corrosion
 F - a ring of flight
 H - a ring of magical power (left hand)
 I - a +4 ring of slaying
Wands
 w - a wand of roots (4)
 y - a wand of paralysis (4)
 E - a wand of flame (17)
Scrolls
 c - a scroll of blinking
 h - 3 scrolls of magic mapping
 j - 2 scrolls of torment
 m - a scroll of amnesia
 p - a scroll of poison {unknown}
 r - 2 scrolls of immolation {unknown}
 v - 5 scrolls of teleportation
 x - 2 scrolls of enchant armour {unknown}
 z - 2 scrolls of fear {unknown}
 D - a scroll of silence {unknown}
 J - a scroll of noise {unknown}
Potions
 b - 2 potions of magic
 d - a potion of attraction {unknown}
 e - a potion of flight {unknown}
 k - 2 potions of mutation {unknown}
 n - 4 potions of curing {unknown}
 o - a potion of berserk rage {unknown}
 q - 3 potions of brilliance {unknown}
 s - 2 potions of might {unknown}
 u - a potion of cancellation {unknown}
 C - a potion of resistance {unknown}
 G - a potion of degeneration {unknown}


   Skills:
 + Level 2.1 Fighting
 + Level 4.8 Short Blades
 * Level 5.0 Dodging
 * Level 9.5 Stealth
 + Level 0.2 Unarmed Combat
 + Level 4.6 Spellcasting
 + Level 0.5 Hexes
 + Level 5.8 Summonings


You had 4 spell levels left.
You knew the following spells:

 Your Spells              Type           Power      Damage    Failure   Level
a - Summon Small Mammal   Summ           100%       N/A       1%          1
b - Call Imp              Summ           29%        N/A       1%          2
c - Call Canine Familiar  Summ           29%        N/A       3%          3
d - Summon Guardian Gole  Hex/Summ       18%        N/A       9%          3
e - Summon Lightning Spi  Summ/Air       17%        N/A       32%         4

Your spell library contained the following spells:

 Spells                   Type           Power      Damage    Failure   Level
 Magic Dart               Conj           16%        1d3       12%         1
 Sandblast                Erth           8%         2d5       12%         1
 Shock                    Conj/Air       16%        1d4       12%         1
 Passwall                 Tmut/Erth      3%         N/A       17%         2
 Sublimation of Blood     Necr           4%         N/A       17%         2
 Gell's Gravitas          Tloc           4%         N/A       34%         3
 Mephitic Cloud           Conj/Pois/Air  4%         N/A       34%         3
 Stone Arrow              Conj/Erth      8%         3d7       34%         3
 Swiftness                Air            4%         N/A       34%         3
 Teleport Other           Tloc           4%         N/A       34%         3
 Airstrike                Air            2%         2d(1-17)  75%         4
 Petrify                  Tmut/Erth      4%         N/A       75%         4
 Irradiate                Conj/Tmut      2%         3d12      97%         5
 Dispersal                Tloc           2%         N/A       100%        6


Dungeon Overview and Level Annotations

Branches:
Dungeon (7/15)             Temple (1/1) D:6

Altars:
Ashenzari
Dithmenos
Elyvilon
Fedhas
Hepliaklqana
Makhleb
Nemelex Xobeh
Okawaru
Qazlal
Ru
Sif Muna
Trog
Uskayaw
Vehumet
Wu Jian
Yredelemnul
Zin
The Shining One

Shops:
D:2 =   D:3 (

Annotations:
D:5 2 transporters


Innate Abilities, Weirdness & Mutations

You are small and have problems with some larger weapons.
You are completely attuned to the shadows.


Message History

The killer bee stings your hound.
Your hound is poisoned.
The killer bee poisons your hound!
Your hound completely misses the killer bee.
Your crimson imp blinks!
The killer bee stings your hound.
Your hound closely misses the killer bee.
The killer bee completely misses your hound.
Your crimson imp misses the killer bee.
Unknown command.
The killer bee stings your hound.
Your hound completely misses the killer bee.
The killer bee closely misses your hound.
Your hound bites the killer bee.
Your crimson imp misses the killer bee.
Unknown command.
The killer bee stings your hound!
Your hound dies!
Your hound's corpse disappears in a puff of smoke!
Your crimson imp hits the killer bee.
Unknown command.
Blink to where?
Press: ? - help, Dir - move target
As you read the scroll of blinking, it crumbles to dust.
You closely miss the killer bee.
The killer bee is moderately wounded.
The killer bee closely misses you. The killer bee stings you.
* * * LOW HITPOINT WARNING * * *
You hit the killer bee. You burn the killer bee.
The killer bee is moderately wounded.
The killer bee stings you!
* * * LOW HITPOINT WARNING * * *
You are poisoned.
The killer bee poisons you!
You hit the killer bee. You burn the killer bee.
The killer bee is severely wounded.
You feel sick. The killer bee misses you.
You hit the killer bee but do no damage.
The killer bee is severely wounded.
You feel sick. The killer bee stings you!
You die...

##...##.#####.
####.............
#####.....#....#<....
#...+.....####.######
#.###........#.# #.#
#........#..
##.###........#.##
#.......#..####
#.......#.@#
#####....##.#.y#
#....#........5####
#.#.##..###........
#.#.....###........
#.#####.#..........
#.....#.#.##).§....
#####.#.#.##..§....
#.#.#.####o####


You could see a killer bee (ally target) and a friendly crimson imp (summoned).

Vanquished Creatures
  2 water moccasins (D:6)
  An ogre (D:6)
  A necrophage (D:5)
  A gnoll sergeant (D:6)
  2 scorpions
  4 killer bees (D:7)
  An orc priest (D:6)
  A hound (D:4)
  A jelly (D:6)
  An iguana (D:5)
  Ijyb (D:3)
  An orc wizard (D:6)
  2 gnolls
  6 adders
  A shadow imp (D:6)
  5 worms
  A dart slug (D:4)
  12 orcs
  11 endoplasms
  2 giant cockroaches
  8 goblins
  5 hobgoblins
  5 jackals
  3 quokkas
  7 ball pythons
  3 bats
  3 frilled lizards
  10 kobolds
  2 rats (D:3)
103 creatures vanquished.

Vanquished Creatures (collateral kills)
  A sky beast (D:5)
  Jessica (D:3)
  An orc wizard (D:4)
  7 gnolls
  A shadow imp (D:5)
  A worm (D:2)
  A dart slug (D:4)
  An orc (D:4)
  An endoplasm (D:1)
  A goblin (D:1)
  A hobgoblin (D:3)
  5 jackals (D:1)
  2 bats (D:1)
  4 kobolds
28 creatures vanquished.

Vanquished Creatures (others)
  An orc warrior (D:6)
  A gnoll sergeant (D:4)
  A gnoll (D:4)
  4 plants (D:7)
7 creatures vanquished.

Grand Total: 138 creatures vanquished

Notes
Turn   | Place    | Note
-------+----------+-------------------------------------------
     0 | D:1      | LnG the Kobold Summoner began the quest for the Orb.
     0 | D:1      | Reached XP level 1. HP: 10/10 MP: 3/3
   183 | D:1      | Reached XP level 2. HP: 6/15 MP: 1/5
   291 | D:1      | Learned a level 2 spell: Call Imp
   580 | D:1      | Reached XP level 3. HP: 18/19 MP: 6/6
   584 | D:1      | Learned a level 3 spell: Call Canine Familiar
  1359 | D:2      | Reached skill level 3 in Stealth
  1466 | D:2      | Reached XP level 4. HP: 24/24 MP: 7/7
  1516 | D:2      | Reached skill level 1 in Short Blades
  1910 | D:2      | Reached skill level 4 in Stealth
  2102 | D:2      | Found Niclig's Jewellery Emporium.
  2162 | D:3      | Reached XP level 5. HP: 28/28 MP: 8/8
  2166 | D:3      | Learned a level 3 spell: Summon Guardian Golem
  2197 | D:3      | Found Nanebiho's Weapon Emporium.
  2251 | D:3      | Noticed Ijyb
  2252 | D:3      | Noticed Jessica
  2266 | D:3      | Killed Jessica
  2511 | D:3      | Killed Ijyb
  2944 | D:4      | Reached skill level 5 in Stealth
  3140 | D:4      | Reached XP level 6. HP: 33/33 MP: 10/10
  3303 | D:4      | Found an iron altar of Okawaru.
  3518 | D:4      | Reached skill level 1 in Fighting
  4075 | D:4      | Reached skill level 6 in Stealth
  4075 | D:4      | Reached skill level 5 in Summonings
  4075 | D:4      | Reached XP level 7. HP: 38/38 MP: 8/11
  4409 | D:4      | Found a shimmering blue altar of Sif Muna.
  4509 | D:5      | Entered Level 5 of the Dungeon
  4639 | D:5      | Found a transporter.
  4881 | D:5      | Found a transporter.
  5489 | D:5      | Reached skill level 7 in Stealth
  5720 | D:6      | Reached XP level 8. HP: 39/43 MP: 13/13
  5725 | D:6      | Learned a level 4 spell: Summon Lightning Spire
  5834 | D:6      | Reached skill level 8 in Stealth
  5853 | D:6      | Found a staircase to the Ecumenical Temple.
  5858 | Temple   | Entered the Ecumenical Temple
  6121 | Temple   | Became a worshipper of Dithmenos the Shadowed
  6699 | D:6      | Reached skill level 9 in Stealth
  7125 | D:6      | Found a blossoming altar of Fedhas.
  7571 | D:7      | Reached XP level 9. HP: 36/48 MP: 15/15
  7594 | D:7      | Reached skill level 5 in Dodging
  7623 | D:7      | Slain by a killer bee

Illustrated notes

Levels and vault maps discovered:
D:1:      roderic_crop_circles_arrival_small, layout_basic
D:2:      minmay_skewed_foursquare, layout_rooms, serial_shops, shop,
          minmay_fractal_squares_gapless_5
D:3:      layout_basic, serial_shops, nicolae_shop_bloodbath_and_beyond,
          uniq_jessica, uniq_ijyb
D:4:      nicolae_cairo_tiling, layout_basic, kennysheep_orc_sif_temple,
          okawaru_ov_weapons_minmay
D:5:      layout_cave_pods, gammafunk_ghost_abyssal_escape
D:6:      layout_loops_corners, mainiacjoe_overflow_concentric_impassable,
          minmay_temple_entry_arrows, chequers_serial_rivers_micro_e
D:7:      layout_basic, serial_bayou_pond_b, roderic_serpentine_path
Temple:   nicolae_temple_bog_church

Skill      XL: |  1  2  3  4  5  6  7  8  9 |
---------------+----------------------------+-----
Stealth        | 3 4 5 6 7 9 |  9.5
Short Blades   | 1 2 3 4 |  4.8
Dodging        | 3 4 5 |  5.0
Fighting       | 1 2 |  2.1
Spellcasting   | 3 4 |  4.6
Summonings     | 5 |  5.8
Unarmed Combat | |  0.2
Hexes          | |  0.5

Action                   |  1- 3 |  4- 6 |  7- 9 || total
-------------------------+-------+-------+-------++-------
Melee: Unarmed           |    27 |       |       ||    27
       Short sword       |    35 |    74 |       ||   109
       Punch             |       |     2 |     2 ||     4
       Dagger            |       |    67 |   144 ||   211
 Cast: Summon Small Mamm |    16 |       |     1 ||    17
       Call Imp          |     3 |     5 |     5 ||    13
       Call Canine Famil |     1 |     8 |    17 ||    26
       Summon Guardian G |       |     2 |     1 ||     3
  Use: Scroll            |     3 |     2 |     6 ||    11
       Potion            |       |       |     4 ||     4
 Stab: Sleeping          |    10 |    23 |    10 ||    43
       Distracted        |       |     3 |     3 ||     6
Armor: Robe              |    14 |    15 |    12 ||    41
Dodge: Dodged            |    72 |    67 |   110 ||   249

Table legend: (Time is in decaauts)
 A = Elapsed time spent in this place.
 B = Non-inter-level travel time spent in this place.
 C = Inter-level travel time spent in this place.
 D = Time resting spent in this place.
 E = Time spent auto-exploring this place.
 F = Levels seen in this place.
 G = Mean time per level.
                   A        B        C        D        E       F      G
               +--------+--------+--------+--------+--------+-----+--------+
         Total |   7598 |   7240 |    358 |    647 |   5288 |   8 |  949.8 |
       Dungeon |   7297 |   6985 |    312 |    647 |   5051 |   7 | 1042.4 |
        Temple |    301 |    255 |     46 |      0 |    237 |   1 |  301.0 |
               +--------+--------+--------+--------+--------+-----+--------+

Top non-repeatable levels by time:
     D:6: 1512 daAuts
     D:4: 1498 daAuts
     D:1: 1298 daAuts
     D:5: 1125 daAuts
     D:2: 938 daAuts
     D:3: 764 daAuts
  Temple: 301 daAuts
     D:7: 160 daAuts
